Map: Kairos Junction LE

Players

Bunny - Winner!

  • Race: Terran Terran
  • League: Bronze
  • Spawn Location: 5:00

lllllllllll (sOs)

  • Race: Protoss Protoss
  • League: Master
  • Spawn Location: 11:00

Event: IEM Season 13 - Katowice Server Qualifiers Asia 1

VOD

Have the link to the VOD?

Description

Time

  • Played on: Jan. 14, 2019, 4:42 a.m.
  • Length: 9:06

All games in this series

Show
View Real Time Build Order
Export as new Build Order

Bunny Terran - Winner!

Build Orders: Reaper Expand 

Get SALT Encoding   

  12  0:00  SCV  
  13  0:12  SCV  
  14  0:17  Supply Depot  
  14  0:24  SCV  
  15  0:38  SCV  
  15  0:40  Barracks  
  16  0:43  Refinery  
  16  0:50  SCV  
  17  1:02  SCV  
  18  1:15  SCV  
  19  1:28  Reaper, Orbital Command  
  20  1:43  Command Center  
  20  1:54  SCV  
  21  1:57  Supply Depot  
  21  2:00  Marine  
  22  2:06  SCV  
  23  2:09  Factory  
  23  2:14  Refinery  
  23  2:18  SCV  
  23  2:21  Barracks Reactor  
  24  2:30  SCV  
  25  2:42  SCV  
  24  2:53  Factory Tech Lab  
  24  2:56  SCV  
  24  2:57  Marine  
  26  2:59  Marine  
  27  3:06  Orbital Command  
  27  3:08  SCV  
  27  3:12  Cyclone  
  30  3:13  Orbital Command  
  30  3:16  Marine x2  
  32  3:20  SCV  
  32  3:26  Starport  
  32  3:32  SCV  
  32  3:33  Marine  
  34  3:34  Marine  
  34  3:38  SCV  
  36  3:44  SCV, Supply Depot  
  37  3:50  Factory Tech Lab, SCV  
  37  3:51  Marine  
  37  3:52  Marine  
  40  3:56  SCV  
  41  4:02  SCV  
  41  4:03  Barracks  
  41  4:07  Engineering Bay  
  41  4:09  Raven  
  42  4:13  Widow Mine, SCV, Bunker  
  47  4:20  SCV  
  47  4:23  Marine x2  
  50  4:29  SCV  
  50  4:30  Supply Depot  
  50  4:31  Refinery  
  51  4:32  SCV  
  51  4:40  Siege Tank  
  54  4:51  Barracks, SCV x2  
  56  4:55  Supply Depot x2  
  56  4:58  Marine x2  
  58  5:00  Barracks  
  58  5:02  Terran Infantry Weapons Level 1  
  58  5:05  Starport Reactor  
  58  5:08  SCV x2  
  58  5:13  Siege Tank  
  60  5:18  Marine x3  
  63  5:23  SCV x2  
  63  5:25  Refinery, Supply Depot  
  65  5:29  Stimpack  
  65  5:36  Barracks  
  65  5:38  Marine x2  
  65  5:40  Barracks Reactor  
  67  5:50  Siege Tank  
  70  5:57  SCV x2  
  70  5:58  Starport Reactor  
  70  5:59  Marine x4  
  76  6:05  Supply Depot  
  76  6:06  Supply Depot  
  76  6:11  SCV  
  76  6:17  Marine x6  
  83  6:22  Siege Tank  
  86  6:30  Marine  
  87  6:34  Marine  
  87  6:35  Marine, Marauder, Medivac x2  
  87  6:37  Marine x3  
  98  6:48  Marine  
  98  6:49  Supply Depot  
  98  6:50  Supply Depot  
  98  6:52  Marine x2  
  101  6:55  Marine  
  102  7:02  Marine  
  102  7:03  Marine  
  102  7:05  Marine  
  102  7:07  Marine  
  101  7:11  Siege Tank, Medivac  
  101  7:12  Medivac  
  101  7:14  Marine x3  
  111  7:22  Marine x3  
  110  7:25  Marine  
  110  7:26  Supply Depot  
  110  7:29  Combat Shield  
  112  7:33  Marine x3  
  115  7:40  Marine  
  115  7:41  Marine x2, Medivac  
  115  7:43  Marine  
  121  7:51  Marine x3  
  122  7:55  Siege Tank  
  122  7:58  Marine x2  
  125  8:12  Marine x5  
  106  8:15  Marine  
  106  8:16  Marine  
  106  8:19  Medivac  
  103  8:30  Marine x5  
  103  8:33  Marine, Supply Depot  
  109  8:34  Marine  
  101  8:48  Marine x5  
Show
View Real Time Build Order
Export as new Build Order

lllllllllll Protoss 

Build Orders: 1 Gate Expand, Double Forge, Blink Stalkers, Zealot Archon 

Get SALT Encoding   

  12  0:01  Probe  
  13  0:13  Probe  
  14  0:17  Pylon  
  14  0:25  Probe  
  15  0:33  Probe  
  15  0:36  Gateway  
  15  0:41  Probe  
  16  0:48  Assimilator  
  17  0:51  Probe  
  18  1:03  Probe  
  19  1:16  Probe  
  20  1:23  Cybernetics Core  
  20  1:34  Nexus  
  20  1:40  Pylon  
  20  1:43  Probe  
  21  1:50  Adept, Assimilator  
  21  1:56  Probe  
  24  2:02  Warp Gate  
  24  2:07  Stalker  
  24  2:08  Probe  
  25  2:20  Probe  
  28  2:25  Pylon  
  28  2:32  Probe  
  28  2:36  Stalker  
  31  2:47  Probe  
  32  2:55  Twilight Council  
  32  2:56  Probe  
  33  2:59  Probe  
  33  3:02  Blink  
  34  3:09  Probe  
  34  3:11  Probe  
  34  3:21  Probe  
  34  3:25  Probe, Gateway  
  34  3:26  Gateway  
  36  3:35  Stalker  
  36  3:36  Probe  
  36  3:38  Probe  
  40  3:50  Robotics Facility, Probe  
  40  3:51  Probe  
  42  3:58  Pylon  
  42  4:02  Probe  
  43  4:03  Probe  
  44  4:14  Stalker  
  46  4:20  Probe x2  
  47  4:25  Stalker x2  
  51  4:36  Nexus  
  51  4:39  Probe x2  
  51  4:40  Observer  
  54  4:48  Pylon  
  54  4:49  Assimilator  
  54  4:52  Stalker  
  56  4:56  Forge  
  56  4:57  Forge  
  56  4:59  Probe  
  57  5:00  Probe  
  57  5:03  Charge, Observer  
  59  5:18  Protoss Ground Weapons Level 1, Protoss Ground Armor Level 1  
  59  5:25  Gateway  
  59  5:27  Gateway x3  
  59  5:32  Observer  
  59  5:33  Probe x2  
  59  5:34  Gateway  
  61  5:41  Warp Prism  
  63  5:56  Sentry, Zealot x2  
  68  6:00  Probe, Pylon  
  68  6:01  Probe x2  
  71  6:12  Probe  
  71  6:16  Observer, Zealot x2  
  71  6:17  Templar Archives  
  76  6:19  Probe x2  
  76  6:21  Zealot, Pylon  
  76  6:24  Probe  
  81  6:27  Zealot x2  
  85  6:41  Zealot x4  
  85  6:42  Probe  
  85  6:44  Probe x2  
  85  6:46  Pylon  
  96  6:53  Pylon  
  96  6:54  High Templar x2  
  96  6:58  Pylon  
  100  7:01  Archon  
  100  7:03  Pylon  
  100  7:04  Zealot x3, Pylon  
  104  7:15  Pylon  
  96  7:23  Zealot x3  
  96  7:26  Observer, High Templar  
  102  7:31  High Templar  
  102  7:32  Zealot x3  
  102  7:37  Archon  
  110  7:41  Nexus  
  110  7:54  Zealot x6  
  120  8:09  Zealot x2  
  120  8:10  Zealot x4  
  82  8:24  Stalker x2  
  78  8:30  Stalker x2  
  78  8:31  Stalker x4  
  90  8:37  Probe  
  54  8:50  Zealot x2  
  54  8:55  Zealot x2, Stalker x2  
  60  8:56  Stalker x2  

Tags
 
Add a new tag
Caveats
  • Supply blocks, unpowered buildings, or Contaminate may cause inaccurate times.
  • Supply counts are checked every 10 seconds.